 Dungeon Crawl Stone Soup version 0.24-a0-584-g9d6b971ae4 (webtiles) character file.

Game seed: 15911893682897769175, levelgen mode: deterministic

47 Gynju the Magician (level 3, -3/19 HPs)
             Began as a Deep Elf Wizard on Sept 4, 2019.
             Slain by a killer bee (9 damage)
             ... on level 1 of the Dungeon.
             The game lasted 00:01:56 (1826 turns).

Gynju the Magician (Deep Elf Wizard)                Turns: 1826, Time: 00:01:57

Health: -3/19      AC:  2    Str:  4    XL:     3   Next: 48%
Magic:  5/11       EV: 13    Int: 23    God:
Gold:   117        SH:  0    Dex: 13    Spells: 7/12 levels left

rFire    . . .     SeeInvis .   l - +0 dagger
rCold    . . .     Gourm    .   (no shield)
rNeg     . . .     Faith    .   a - +0 robe
rPois    .         Spirit   .   b - +0 hat
rElec    .         Reflect  .   (no cloak)
rCorr    .         Harm     .   (no gloves)
MR       .....                  (no boots)
Stlth    ++........             (no amulet)
HPRegen  0.06/turn              (no ring)
MPRegen  0.12/turn              (no ring)

@: no status effects
A: no striking features
a: no special abilities


You were on level 1 of the Dungeon.
You were hungry.

You visited 1 branch of the dungeon, and saw 2 of its levels.

You collected 117 gold pieces.

Inventory:

Hand Weapons
 l - a +0 dagger (weapon)
Armour
 a - a +0 robe (worn)
 b - a +0 hat (worn)
Scrolls
 e - a scroll of blinking {unknown}
 f - a scroll of enchant weapon {unknown}
 g - a scroll of identify {unknown}
Potions
 c - a potion of heal wounds {unknown}
 h - a potion of haste {unknown}
 i - a potion of berserk rage {unknown}
 j - a potion of agility {unknown}
 k - a potion of curing {unknown}
 m - a potion of cancellation {unknown}
Comestibles
 d - 2 rations


   Skills:
 - Level 2.4 Dodging
 - Level 2.4 Stealth
 + Level 5.4 Spellcasting
 + Level 2.8 Conjurations
 - Level 1.1 Summonings
 - Level 1.1 Translocations


You had 7 spell levels left.
You knew the following spells:

 Your Spells              Type           Power        Failure   Level  Hunger
a - Magic Dart            Conj           ###.         3%          1    None
b - Blink                 Tloc           N/A          9%          2    None
c - Call Imp              Summ           ##......     9%          2    None

Your spell library contained the following spells:

 Spells                   Type           Power        Failure   Level  Hunger
 Slow                     Hex            #.......     14%         2    None
 Conjure Flame            Conj/Fire      ##......     16%         3    ##.....
 Mephitic Cloud           Conj/Pois/Air  ##......     19%         3    ##.....


Dungeon Overview and Level Annotations

Branches:
Dungeon (2/15)

Altars:
Hepliaklqana


Message History

Your white imp is poisoned.
The killer bee poisons your white imp! The killer bee stings your white imp!
Your white imp dies!
A killer bee comes into view.
Your crimson imp blinks!
The killer bee stings you. The killer bee closely misses you.
The killer bee closely misses you.
There is a stone staircase leading up here.
You see here a stone.
The killer bee stings you. The killer bee closely misses you.
The killer bee barely misses you. The killer bee stings you. x2
You hear an angry buzzing noise.
You climb upwards.
There is a stone staircase leading down here.
Casting: Call Imp (safe; 9% risk of failure)
Confirm with . or Enter, or press ? or * to list all spells.
A beastly little devil appears in a puff of flame.
The killer bee stings you!
You die...

#.# #.....#...#.#.#.#.#.#
#.# #########.#.#.....#.#
#.# #.#.#.#...#.# #.#
#.#.#.....#.# #.#
#.#.#######.#
#.###########.#.# #.#
#...........#.#5# #.#
###########.#.#y#######.#
#...#@y.......#
#.############# ###


You could see 2 killer bees and a friendly crimson imp.

Vanquished Creatures
  A worm (D:2)
  2 leopard geckos
  A ball python (D:1)
  2 bats
  4 goblins (D:1)
  6 hobgoblins
  A quokka (D:2)
  2 kobolds (D:2)
  7 rats
26 creatures vanquished.

Vanquished Creatures (collateral kills)
  A worker ant (D:2)
1 creature vanquished.

Grand Total: 27 creatures vanquished

Notes
Turn   | Place    | Note
-------+----------+-------------------------------------------
     0 | D:1      | Gynju the Deep Elf Wizard began the quest for the Orb.
     0 | D:1      | Reached XP level 1. HP: 10/10 MP: 7/7
   285 | D:1      | Reached XP level 2. HP: 15/15 MP: 6/9
   768 | D:1      | Reached skill level 5 in Spellcasting
  1173 | D:2      | Learned a level 2 spell: Blink
  1176 | D:2      | Learned a level 2 spell: Call Imp
  1198 | D:2      | Reached XP level 3. HP: 19/19 MP: 3/11
  1400 | D:2      | Found a hazy altar of Hepliaklqana.
  1804 | D:2      | Noticed a killer bee
  1810 | D:2      | Noticed a killer bee
  1814 | D:2      | Noticed a killer bee
  1818 | D:2      | Noticed a killer bee
  1826 | D:1      | Slain by a killer bee

Levels and vault maps discovered:
D:1:      psy_arrival_dodecagon, layout_basic
D:2:      layout_basic, overflow_temple_1_default, minmay_pentomino_p2

Skill      XL: |  1  2 |
---------------+-------+-----
Conjurations   | 2 |  2.8
Spellcasting   | 5 |  5.4
Dodging        | |  2.4
Stealth        | |  2.4
Summonings     | |  1.1
Translocations | |  1.1

Action                   || total
-------------------------++-------
 Cast: Magic Dart        ||    57
       Call Imp          ||     6
  Eat: Chunk             ||     2
Armor: Robe              ||     1
Dodge: Dodged            ||     7

Table legend:
 A = Non-vault XP
 B = Vault XP
 C = Vault XP percentage of total XP
 D = Non-vault monster count
 E = Vault monster count
 F = Vault count percentage of total count
                 A         B        C        D         E       F
            +---------+---------+-------+---------+---------+-------
      Total |      68 |       0 |   0.0 |      27 |       0 |   0.0
            +---------+---------+-------+---------+---------+-------
        D:1 |      28 |       0 |   0.0 |      17 |       0 |   0.0
        D:2 |      40 |       0 |   0.0 |      10 |       0 |   0.0
            +---------+---------+-------+---------+---------+-------
